 Dungeon Crawl Stone Soup version 0.22.1-2-g9c5b331 (webtiles) character file.

133 Goblin1989 the Charmwright (level 5, -1/43 HPs)
             Began as a Gnoll Skald on Dec 11, 2018.
             Was an Initiate of Okawaru.
             Slain by an adder (3 damage)
             ... on level 2 of the Dungeon on Dec 12, 2018.
             The game lasted 00:03:55 (1567 turns).

Goblin1989 the Charmwright (Gnoll Skald)            Turns: 1567, Time: 00:03:56

Health: -1/43      AC:  2    Str: 13    XL:     5   Next: 16%
Magic:  12/12      EV: 14    Int: 16    God:    Okawaru [......]
Gold:   104        SH:  0    Dex: 15    Spells: 5/14 levels left

rFire    . . .     SeeInvis .   a - +0 hand axe
rCold    . . .     Gourm    .   (no shield)
rNeg     . . .     Faith    .   m - -1 leather armour (curse)
rPois    .         Spirit   .   (no helmet)
rElec    .         Reflect  .   (no cloak)
rCorr    .         Harm     .   (no gloves)
MR       .....                  (no boots)
Stlth    ++........             (no amulet)
HPRegen  0.14/turn              (no ring)
MPRegen  0.13/turn              (no ring)

@: lethally poisoned (-1 -> -20)
A: distributed training, fangs 1, strong nose
a: Renounce Religion


You were on level 2 of the Dungeon.
You worshipped Okawaru.
Okawaru was noncommittal.
You were not hungry.

You visited 1 branch of the dungeon, and saw 2 of its levels.

You collected 104 gold pieces.

Inventory:

Hand Weapons
 a - a +0 hand axe (weapon)
Missiles
 g - 122 stones (quivered) {@Q3}
 h - 27 poisoned needles
 n - 12 arrows
Armour
 b - a +0 leather armour
 m - a cursed -1 leather armour (worn)
Scrolls
 f - a scroll of identify {unknown}
 k - 2 scrolls of teleportation {unknown}
 p - a scroll of magic mapping {unknown}
Potions
 i - a potion of haste {unknown}
 l - a potion of heal wounds {unknown}
 o - a potion of curing {unknown}
Comestibles
 e - 2 rations
 q - a chunk of flesh


   Skills:
 + Level 4.7 Fighting
 + Level 1.3 Short Blades
 + Level 1.3 Long Blades
 + Level 4.7 Axes
 + Level 1.3 Maces & Flails
 + Level 1.3 Polearms
 + Level 1.3 Staves
 + Level 1.3 Slings
 + Level 1.3 Bows
 + Level 1.3 Crossbows
 + Level 1.3 Throwing
 + Level 2.9 Armour
 + Level 4.7 Dodging
 + Level 1.3 Stealth
 + Level 1.3 Shields
 + Level 1.3 Unarmed Combat
 + Level 5.1 Spellcasting
 + Level 1.1 Conjurations
 + Level 1.1 Hexes
 + Level 5.5 Charms
 + Level 1.1 Summonings
 + Level 1.1 Necromancy
 + Level 1.1 Translocations
 + Level 1.1 Transmutations
 + Level 1.1 Fire Magic
 + Level 1.1 Ice Magic
 + Level 1.1 Air Magic
 + Level 1.1 Earth Magic
 + Level 1.1 Poison Magic
 + Level 1.5 Invocations
 + Level 1.3 Evocations


You had 5 spell levels left.
You knew the following spells:

 Your Spells              Type           Power        Failure   Level  Hunger
a - Infusion              Chrm           ###.         1%          1    None
y - Song of Slaying       Chrm           ###.....     3%          2    #......
R - Regeneration          Chrm/Necr      ##........   14%         3    ###....
W - Spectral Weapon       Hex/Chrm       ##......     14%         3    ###....

Your spell library contained the following spells:

 Spells                   Type           Power        Failure   Level  Hunger
 Shroud of Golubria       Chrm/Tloc      ##........   8%          2    #......


Dungeon Overview and Level Annotations

Branches:
Dungeon (2/15)

Altars:
Okawaru
Wu Jian


Innate Abilities, Weirdness & Mutations

Your experience applies equally to all skills.
You have very sharp teeth.
Your uncanny sense of smell can sniff out nearby items.


Message History

A bat comes into view.
An adder comes into view.
The adder hisses angrily.
The adder hisses angrily.
You hit the adder.
The adder is lightly wounded.
The bat hits you. The adder bites you.
You are poisoned.
The adder poisons you!
You take 6 damage, and have 37/43 hp.
You hit the adder.
The adder is heavily wounded.
You feel sick. The bat hits you but does no damage. The adder bites you.
You are more poisoned.
The adder poisons you!
You take 2 damage, and have 35/43 hp.
You miss the adder.
The adder is moderately wounded.
You hit the adder.
You feel sick. The bat closely misses you. The adder bites you.
The adder misses you. The adder closely misses you. The adder bites you.
You take 11 damage, and have 24/43 hp.
MASSIVE DAMAGE!!
You are too injured to fight recklessly!
You are too injured to fight recklessly!
You are too injured to fight recklessly!
You are too injured to fight recklessly!
You are too injured to fight recklessly!
You are too injured to fight recklessly!
You are too injured to fight recklessly!
You are too injured to fight recklessly!
You are too injured to fight recklessly!
You are too injured to fight recklessly!
You are too injured to fight recklessly!
You are too injured to fight recklessly!
You are too injured to fight recklessly!
You are too injured to fight recklessly!
You are too injured to fight recklessly!
You are too injured to fight recklessly!
You are too injured to fight recklessly!
You are too injured to fight recklessly!
You are too injured to fight recklessly!
You are too injured to fight recklessly!
You are too injured to fight recklessly!
You are too injured to fight recklessly!
You are too injured to fight recklessly!
You are too injured to fight recklessly!
You are too injured to fight recklessly!
You are too injured to fight recklessly!
You are too injured to fight recklessly!
Unknown command.
You are too injured to fight recklessly!
You closely miss the adder. Your bite misses the adder.
The adder is moderately wounded.
You hit the bat.
You kill the bat!
Okawaru accepts your kill.
You hit the adder but do no damage.
You feel sick. The adder misses you. The adder bites you.
You take 3 damage, and have 21/43 hp.
You barely miss the adder.
The adder is moderately wounded.
You hit the adder but do no damage.
You feel sick. The adder completely misses you. The adder closely misses you.
The adder bites you.
* * * LOW HITPOINT WARNING * * *
You are more poisoned.
The adder poisons you! The adder bites you.
* * * LOW HITPOINT WARNING * * *
You take 7 damage, and have 14/43 hp.
You hit the adder. You bite the adder, but do no damage.
The adder is almost dead.
You hit the adder.
* * * LOW HITPOINT WARNING * * *
You feel sick. The adder bites you but does no damage. The adder bites you.
* * * LOW HITPOINT WARNING * * *
You are more poisoned.
The adder poisons you!
You take 3 damage, and have 11/43 hp.
You barely miss the adder.
The adder is moderately wounded.
You hit the adder.
You kill the adder!
Okawaru accepts your kill.
* * * LOW HITPOINT WARNING * * *
You feel sick. The adder barely misses you.
You take 2 damage, and have 9/43 hp.
You hit the adder.
The adder is heavily wounded.
* * * LOW HITPOINT WARNING * * *
You feel sick. The adder bites you.
* * * LOW HITPOINT WARNING * * *
You are more poisoned.
The adder poisons you! The adder bites you.
* * * LOW HITPOINT WARNING * * *
You take 7 damage, and have 2/43 hp.
You hit the adder. Your bite misses the adder.
The adder is heavily wounded.
* * * LOW HITPOINT WARNING * * *
You feel sick. The adder bites you.
You die...

█.......................
..█.........██████......
█............. ....
█████.....████ ..██
█.......████.█ █
█.......█.....
█.............
██...........█
█....@█.███.█
......!†S.█ ██........█
.)..........
..............
...█....██...... ....█..
...... .....█ ......


You could see an adder.

Vanquished Creatures
  A centaur (D:2)
  2 adders (D:2)
  A dart slug (D:1)
  2 ball pythons
  A giant cockroach (D:2)
  6 goblins
  5 hobgoblins
  7 bats
  7 kobolds
  3 rats (D:1)
35 creatures vanquished.

Notes
Turn   | Place    | Note
-------+----------+-------------------------------------------
     0 | D:1      | Goblin1989 the Gnoll Skald began the quest for the Orb.
     0 | D:1      | Reached XP level 1. HP: 20/20 MP: 6/6
   247 | D:1      | Reached XP level 2. HP: 26/26 MP: 7/7
   700 | D:1      | Reached XP level 3. HP: 26/31 MP: 9/9
   706 | D:1      | Learned a level 3 spell: Regeneration
   709 | D:1      | Learned a level 2 spell: Song of Slaying
   713 | D:1      | Learned a level 3 spell: Spectral Weapon
   789 | D:1      | Reached skill level 5 in Spellcasting
   993 | D:2      | Noticed a centaur
  1004 | D:2      | Killed a centaur
  1004 | D:2      | Reached skill level 1 in Short Blades
  1004 | D:2      | Reached skill level 1 in Long Blades
  1004 | D:2      | Reached skill level 1 in Maces & Flails
  1004 | D:2      | Reached skill level 1 in Polearms
  1004 | D:2      | Reached skill level 1 in Staves
  1004 | D:2      | Reached skill level 1 in Slings
  1004 | D:2      | Reached skill level 1 in Bows
  1004 | D:2      | Reached skill level 1 in Crossbows
  1004 | D:2      | Reached skill level 1 in Throwing
  1004 | D:2      | Reached skill level 1 in Stealth
  1004 | D:2      | Reached skill level 1 in Shields
  1004 | D:2      | Reached skill level 1 in Unarmed Combat
  1004 | D:2      | Reached skill level 1 in Conjurations
  1004 | D:2      | Reached skill level 1 in Hexes
  1004 | D:2      | Reached skill level 1 in Summonings
  1004 | D:2      | Reached skill level 1 in Necromancy
  1004 | D:2      | Reached skill level 1 in Translocations
  1004 | D:2      | Reached skill level 1 in Transmutations
  1004 | D:2      | Reached skill level 1 in Fire Magic
  1004 | D:2      | Reached skill level 1 in Ice Magic
  1004 | D:2      | Reached skill level 1 in Air Magic
  1004 | D:2      | Reached skill level 1 in Earth Magic
  1004 | D:2      | Reached skill level 1 in Poison Magic
  1004 | D:2      | Reached skill level 1 in Invocations
  1004 | D:2      | Reached skill level 1 in Evocations
  1004 | D:2      | Reached XP level 4. HP: 4/38 MP: 11/11
  1248 | D:2      | Found an ornate altar of the Wu Jian Council.
  1308 | D:2      | Found an iron altar of Okawaru.
  1316 | D:2      | Became a worshipper of Warmaster Okawaru
  1331 | D:2      | Reached XP level 5. HP: 36/43 MP: 12/12
  1566 | D:2      | HP: 2/43 [adder (2)]
  1567 | D:2      | Slain by an adder

Skill      XL: |  1  2  3 |
---------------+----------+-----
Spellcasting   | 5 |  5.1
Short Blades   | 1 |  1.3
Long Blades    | 1 |  1.3
Maces & Flails | 1 |  1.3
Polearms       | 1 |  1.3
Staves         | 1 |  1.3
Slings         | 1 |  1.3
Bows           | 1 |  1.3
Crossbows      | 1 |  1.3
Throwing       | 1 |  1.3
Stealth        | 1 |  1.3
Shields        | 1 |  1.3
Unarmed Combat | 1 |  1.3
Conjurations   | 1 |  1.1
Hexes          | 1 |  1.1
Summonings     | 1 |  1.1
Necromancy     | 1 |  1.1
Translocations | 1 |  1.1
Transmutations | 1 |  1.1
Fire Magic     | 1 |  1.1
Ice Magic      | 1 |  1.1
Air Magic      | 1 |  1.1
Earth Magic    | 1 |  1.1
Poison Magic   | 1 |  1.1
Invocations    | 1 |  1.5
Evocations     | 1 |  1.3
Fighting       | |  4.7
Axes           | |  4.7
Armour         | |  2.9
Dodging        | |  4.7
Charms         | |  5.5

Action                   |  1- 3 |  4- 6 || total
-------------------------+-------+-------++-------
Melee: Hand axe          |    63 |    30 ||    93
       Bite              |     2 |     4 ||     6
 Stab: Sleeping          |       |     1 ||     1
  Eat: Chunk             |       |     2 ||     2
Armor: Leather armour    |    12 |     4 ||    16
Dodge: Dodged            |    47 |    34 ||    81

Vault maps used:
D:1:      dpeg_arrival_tiny_a, st_stairs_14
D:2:      lemuel_round_altar, nicolae_dithmenos_shadow_blocks,
          old_standard_altar, kennysheep_nub
